 Dungeon Crawl Stone Soup version 0.21.1-1-g345015f (webtiles) character file.

32 Supreme the Digger (level 3, -8/19 HPs)
             Began as a Gargoyle Earth Elementalist on Apr 13, 2018.
             Mangled by a wyvern zombie (9 damage)
             ... on level 2 of the Dungeon.
             The game lasted 00:07:28 (1096 turns).

Supreme the Digger (Gargoyle Earth Elementalist)    Turns: 1096, Time: 00:07:29

Health: -8/19      AC:  5    Str: 11    XL:     3   Next: 27%
Magic:  0/6        EV: 12    Int: 16    God:
Gold:   114        SH:  0    Dex: 10    Spells: 1/7 levels left

rFire    . . .     SeeInvis .   i - +0 whip
rCold    . . .     Gourm    .   (no shield)
rNeg     + . .     Faith    .   c - +0 robe
rPois    ∞         Spirit   .   (no helmet)
rElec    +         Reflect  .   (no cloak)
rCorr    .         Harm     .   (no gloves)
MR       .....                  (no boots)
Stlth    ++........             (no amulet)
HPRegen  0.06/turn              (no ring)
MPRegen  0.10/turn              (no ring)

@: no status effects
A: negative energy resistance 1, electricity resistance, unbreathing,
petrification resistance, rot immunity, AC +3
a: no special abilities


You were on level 2 of the Dungeon.
You were not hungry.

You visited 1 branch of the dungeon, and saw 2 of its levels.

You collected 114 gold pieces.

Inventory:

Hand Weapons
 a - a +0 dagger
 i - a +0 whip (weapon)
 n - a +0 hunting sling
 o - a +0 hunting sling
Missiles
 b - 65 stones (quivered)
 h - 43 arrows
Armour
 c - a +0 robe (worn)
Scrolls
 f - a scroll of teleportation {unknown}
 g - a scroll of amnesia {unknown}
 k - a scroll of remove curse {unknown}
 l - a scroll of identify {unknown}
 m - a scroll of blinking {unknown}
Potions
 j - 2 potions of heal wounds {unknown}
 q - a potion of flight {unknown}
Books
 e - a book of Geomancy

   Spells                             Type                      Level
   a - Sandblast                      Earth                        1
   b - Passwall                       Transmutation/Earth          2
   c - Stone Arrow                    Conjuration/Earth            3
   d - Petrify                        Transmutation/Earth          4
   e - Lee's Rapid Deconstruction     Earth                        5
Comestibles
 d - 3 rations
 p - 4 chunks of flesh


   Skills:
 + Level 2.0 Dodging
 + Level 2.3 Stealth
 + Level 2.5 Spellcasting
 + Level 0.7 Transmutations
 + Level 4.2 Earth Magic


You had one spell level left.
You knew the following spells:

 Your Spells              Type           Power        Failure   Level  Hunger
a - Sandblast             Erth           ###...       3%          1    #......
b - Passwall              Tmut/Erth      ##........   11%         2    ##.....
c - Stone Arrow           Conj/Erth      #.....       24%         3    ###....


Dungeon Overview and Level Annotations

Branches:
Dungeon (2/15)

Altars:
Zin


Innate Abilities, Weirdness & Mutations

You are resistant to torment.
Your stone body is resilient. (AC +3)
You are immune to poison.
You resist negative energy. (rN+)
You are resistant to electric shocks. (rElec)
You can survive without breathing.
You are immune to petrification.
You are immune to rotting.


Message History

You hit the wyvern zombie.
The wyvern zombie is severely damaged.
The wyvern zombie bites you but does no damage.
You completely miss the wyvern zombie.
The wyvern zombie is severely damaged.
The wyvern zombie closely misses you. The wyvern zombie barely misses you.
Casting: Sandblast
Confirm with . or Enter, or press ? or * to list all spells.
Aiming: Sandblast
Press: ? - help, Shift-Dir - straight line, f/p - wyvern zombie
Aim: a wyvern zombie (severely damaged)
The blast of sand hits the wyvern zombie.
The wyvern zombie is severely damaged.
b - 65 stones The wyvern zombie bites you!
Ouch! That really hurt!
* * * LOW HITPOINT WARNING * * *
Unknown command.
The wyvern zombie bites you!
You die...

.# .# ### ####### ## .#
#.# #..##.. .# .# #.#
#..##.# .. .# #.# #..##.#
.# .####.#####).##.# .# #
......<.......#.###.##.#
#####.#####...#.##...#...
#.###.......@Z....#
###..........#...## #####
###......<.##.######
...####
###...#..#........
..##$$# #...#..#.#####
._#$$$# ####.........#
..##$$# ######...#.###.#
...#### #...............
##### .####...#.###.#


You could see a wyvern zombie.

Vanquished Creatures
  A worm (D:2)
  2 dart slugs (D:1)
  A leopard gecko (D:1)
  2 giant cockroaches (D:1)
  3 goblins (D:1)
  2 hobgoblins
  4 kobolds
  3 bats (D:1)
  A frilled lizard (D:1)
  6 rats (D:1)
25 creatures vanquished.

Notes
Turn   | Place    | Note
-------+----------+-------------------------------------------
     0 | D:1      | Supreme the Gargoyle Earth Elementalist began the quest for the Orb.
     0 | D:1      | Reached XP level 1. HP: 10/10 MP: 3/3
   215 | D:1      | Reached XP level 2. HP: 14/15 MP: 5/5
   329 | D:1      | Reached skill level 4 in Earth Magic
   590 | D:1      | Reached XP level 3. HP: 7/19 MP: 1/6
   925 | D:1      | Learned a level 2 spell: Passwall
   929 | D:1      | Learned a level 3 spell: Stone Arrow
  1027 | D:2      | Found a glowing silver altar of Zin.
  1096 | D:2      | Mangled by a wyvern zombie

Skill      XL: |  1  2 |
---------------+-------+-----
Dodging        | 2 |  2.0
Earth Magic    | 4 |  4.2
Stealth        | |  2.3
Spellcasting   | |  2.5
Transmutations | |  0.7

Action                   || total
-------------------------++-------
Melee: Dagger            ||    31
       Whip              ||    48
 Cast: Sandblast         ||    16
       Stone Arrow       ||     3
       Passwall          ||     1
 Stab: Sleeping          ||     2
  Eat: Chunk             ||     1
Armor: Robe              ||    40
Dodge: Dodged            ||    66
